 Dungeon Sprint DCSS version 0.28.0-43-g3370ac3207 (webtiles) character file.

Game seed: 9929710447577879325

2307 boopmooplesden the Severer (level 9, -11/145 HPs)
             Began as a Minotaur Berserker on Mar 5, 2022.
             Was a High Priest of Trog.
             Mangled by a yaktaur (15 damage)
             ... in the Dungeon (Sprint II: "The Violet Keep of Menkaure").
             The game lasted 00:02:24 (937 turns).

boopmooplesden the Severer (Minotaur Berserker)      Turns: 937, Time: 00:02:25

Health: -11/145    AC:  6    Str: 27    XL:     9   Next: 18%
Magic:  7/7        EV: 15    Int:  2    God:    Trog [*****.]
Gold:   31         SH:  0    Dex: 13    Spells: 8/8 levels left

rFire   + . .      SeeInvis .   a - +0 hand axe
rCold   x . .      Faith    .   (no shield)
rNeg    + + +      Spirit   .   d - +1 leather armour of Sloth {Harm rElec rC- rN+++}
rPois   +          Reflect  .   (helmet restricted)
rElec   +          Harm     +   (no cloak)
rCorr   .          Rampage  .   i - +0 pair of gloves
Will    +++..      NoTele   +   (no boots)
Stlth   ..........              (no amulet)
HPRegen 0.34/turn               j - ring "Voxzo Xeqo" {*Slow rPois rF+ Will+++ Str+4}
MPRegen 0.10/turn               (no ring)

@: berserking (expiring), very quick
A: horns 2, retaliatory headbutt, deterioration 2, dopey 1, low MP 1
a: Renounce Religion, Berserk, Trog's Hand, Brothers in Arms


You were in the Dungeon.
You worshipped Trog.
Trog was extremely pleased with you.
You visited 1 branch You collected 972 gold pieces.
You spent 941 gold pieces at shops.

Inventory:

Hand Weapons
 a - a +0 hand axe (weapon)
Armour
 b - a +0 animal skin
 d - the +1 leather armour of Sloth (worn) {Harm rElec rC- rN+++}
   (You bought it in a shop in the Dungeon)

   rC:        It makes you vulnerable to cold.
   rElec:     It insulates you from electricity.
   rN:        It renders you almost immune to negative energy.
   Harm:      It increases damage dealt and taken.
 i - a +0 pair of gloves (worn)
Jewellery
 j - the ring "Voxzo Xeqo" (left hand) {*Slow rPois rF+ Will+++ Str+4}
   (You bought it in a shop in the Dungeon)

   [ring of protection from fire]

   Str:       It affects your strength (+4).
   rF:        It protects you from fire.
   rPois:     It protects you from poison.
   *Slow:     It may slow you when you take damage.
   Will:      It greatly increases your willpower.
Scrolls
 h - a scroll of blinking
Potions
 c - a potion of curing
 e - a potion of haste
 f - 2 potions of magic
 g - a potion of berserk rage


   Skills:
 + Level 15.5 Fighting
 + Level 15.9 Axes
 + Level 7.8 Armour
 + Level 8.7 Dodging
 + Level 1.8 Stealth


You had 8 spell levels left.
You didn't know any spells.
Your spell library was empty.

Dungeon Overview and Level Annotations

Branches:
Dungeon (1/1)

Altars:
Cheibriados
Dithmenos
Elyvilon
Fedhas
Gozag
Hepliaklqana
Kikubaaqudgha
Makhleb
Qazlal
Ru
Sif Muna
Trog
Wu Jian
Beogh
Jiyva
Lugonu

Shops:
D [:(?!=(=[[?([!:

Annotations:
D exclusion: oklob plant


Innate Abilities, Weirdness & Mutations

You have a pair of horns on your head.
You reflexively headbutt those who attack you in melee.
Your body often deteriorates upon taking damage.
You are dopey. (Int -2)
Your magical capacity is low. (-10% MP)


Message History

The polar bear barely misses you.
The polar bear claws you but does no damage.
You feel your dexterity returning.
Your Fighting skill increases to level 15!
You have reached level 9!
Your experience leads to an increase in your attributes!
Your base attributes are Str 23, Int 4, Dex 11.
Increase (S)trength, (I)ntelligence, or (D)exterity?
You feel agile. x2
You barely miss the polar bear.
The polar bear is severely wounded.
You hit the polar bear.
The polar bear is severely wounded.
The yaktaur wields a +0 arbalest.
The yaktaur shoots a bolt.
The bolt hits you!
* * * LOW HITPOINT WARNING * * *
Your body deteriorates!
You feel weakened. The polar bear bites you!
* * * LOW HITPOINT WARNING * * *
The polar bear closely misses you. The polar bear claws you.
* * * LOW HITPOINT WARNING * * *
You hit the yaktaur.
The yaktaur is lightly wounded.
You barely miss the polar bear. The polar bear barely misses you.
The polar bear completely misses you. x2; The yaktaur unwields a +0 arbalest.
The yaktaur hits you.
* * * LOW HITPOINT WARNING * * *
You slash the yaktaur! Your headbutt misses the yaktaur.
The yaktaur is heavily wounded.
You slash the polar bear!
You kill the polar bear!
Trog accepts your kill.
Trog will now gift you melee weapons as you gain piety.
You feel your strength returning.
You slash the yaktaur!
You headbutt the yaktaur, but do no damage.
The yaktaur is severely wounded.
You hit the yaktaur.
The yaktaur is almost dead.
The yaktaur hits you!
You die...

## #. .##.#### +^###
#.# ...# ^..####
.####..## #..##$#
###.##..# +..#.c#
##...#..# #^.#†@#
.'##.'..####..##†#
##...#..§.###...##▓▓▓
###.##.§....≈≈≈≈≈≈≈≈≈≈≈
.####≈≈..§§.≈#+########
..#≈≈§≈≈≈≈..≈#....._..#
###≈≈≈≈§§≈≈§§#...._._.#
##≈≈≈§≈§≈≈§§≈#..._._._#
≈≈≈≈≈≈§≈§≈§§≈#.._._._.#


You could see a yaktaur.

Vanquished Creatures
  3 polar bears (D)
  A hornet (D)
  2 wyverns (D)
  4 neqoxecs (D)
  Menkaure (D)
  4 necrophages (D)
  4 scorpions (D)
19 creatures vanquished.

Vanquished Creatures (others)
  A water moccasin (D)
1 creature vanquished.

Grand Total: 20 creatures vanquished

Notes
Turn   | Place    | Note
-------+----------+-------------------------------------------
     0 | D        | boopmooplesden the Minotaur Berserker began the quest for
                  | the Orb.
     0 | D        | Reached XP level 1. HP: 19/19 MP: 0/0
     1 | D        | Noticed a wyvern
     1 | D        | Noticed a wyvern
     6 | D        | Killed a wyvern
     7 | D        | Reached XP level 2. HP: 6/36 MP: 1/1
     7 | D        | Reached XP level 3. HP: 7/41 MP: 2/2
     7 | D        | Reached XP level 4. HP: 9/49 MP: 3/3
     7 | D        | Reached XP level 5. HP: 10/55 MP: 4/4
     8 | D        | Killed a wyvern
     9 | D        | Reached skill level 10 in Fighting
     9 | D        | Reached skill level 10 in Axes
     9 | D        | Reached skill level 5 in Armour
     9 | D        | Reached XP level 6. HP: 12/66 MP: 5/5
   150 | D        | Killed a water moccasin
   276 | D        | Reached ** piety under Trog
   277 | D        | Reached skill level 5 in Dodging
   282 | D        | Reached XP level 7. HP: 75/75 MP: 6/6
   325 | D        | Noticed a neqoxec
   325 | D        | Noticed a neqoxec
   325 | D        | Noticed a neqoxec
   325 | D        | Noticed a neqoxec
   325 | D        | Gained mutation: Your body sometimes deteriorates upon
                  | taking damage. [a neqoxec]
   325 | D        | Gained mutation: Your body often deteriorates upon taking
                  | damage. [a neqoxec]
   326 | D        | Gained mutation: You are dopey. (Int -2) [a neqoxec]
   332 | D        | Killed a neqoxec
   333 | D        | Gained mutation: Your magical capacity is low. (-10% MP) [a
                  | neqoxec]
   337 | D        | Killed a neqoxec
   337 | D        | Reached *** piety under Trog
   337 | D        | Killed a neqoxec
   338 | D        | Reached XP level 8. HP: 80/86 MP: 6/6
   574 | D        | Reached **** piety under Trog
   596 | D        | Found Juleg's Weapon Boutique.
   596 | D        | Found Tecki's Distillery.
   596 | D        | Found Tyileosm's Magic Scroll Shop.
   597 | D        | Found Feifuxzu's Book Shop.
   597 | D        | Found Haun's Antique Armour Shop.
   597 | D        | Found Zeerph's Antique Armour Boutique.
   597 | D        | Found Rountul's Jewellery Shop.
   597 | D        | Found Ylod's Antique Weapon Boutique.
   598 | D        | Found Voutz's Armour Shop.
   598 | D        | Found Fikuor's Jewellery Boutique.
   598 | D        | Found Qyiguc's Distillery.
   598 | D        | Noticed Menkaure
   598 | D        | Noticed a slime creature
   598 | D        | Noticed a slime creature
   619 | D        | Killed Menkaure
   624 | D        | Found Ageexa Kafeo's Magic Scroll Boutique.
   624 | D        | Found Kummuzul's Antique Weapon Shop.
   624 | D        | Noticed a slime creature
   624 | D        | Noticed an oklob plant
   625 | D        | Found Gexzecsi's Book Shoppe.
   625 | D        | Found Oxiudd's Antique Armour Boutique.
   626 | D        | Noticed a cane toad
   626 | D        | Noticed a cane toad
   633 | D        | Bought a distressingly furry leather armour for 168 gold
                  | pieces
   633 | D        | Identified the +1 leather armour of Sloth {Harm rElec rC-
                  | rN+++} (You bought it in a shop in the Dungeon)
   869 | D        | Bought a pair of gloves for 121 gold pieces
   877 | D        | Bought the ring "Voxzo Xeqo" {*Slow rPois rF+ Will+++
                  | Str+4} for 652 gold pieces
   900 | D        | Found a blossoming altar of Fedhas.
   900 | D        | Found an opulent altar of Gozag.
   901 | D        | Found a white marble altar of Elyvilon.
   901 | D        | Found a burning altar of Makhleb.
   902 | D        | Found a shadowy altar of Dithmenos.
   902 | D        | Found a corrupted altar of Lugonu.
   903 | D        | Found a snail-covered altar of Cheibriados.
   903 | D        | Found an ancient bone altar of Kikubaaqudgha.
   903 | D        | Found a bloodstained altar of Trog.
   904 | D        | Found a viscous altar of Jiyva.
   904 | D        | Found a shimmering blue altar of Sif Muna.
   905 | D        | Found a hazy altar of Hepliaklqana.
   905 | D        | Found a sacrificial altar of Ru.
   906 | D        | Found a stormy altar of Qazlal.
   906 | D        | Found an ornate altar of the Wu Jian Council.
   907 | D        | Noticed a yaktaur
   907 | D        | Noticed a hornet
   907 | D        | Noticed a polar bear
   907 | D        | Noticed a polar bear
   910 | D        | Noticed a polar bear
   916 | D        | Killed a polar bear
   917 | D        | Reached skill level 15 in Axes
   924 | D        | Killed a hornet
   925 | D        | Reached skill level 1 in Stealth
   930 | D        | Killed a polar bear
   931 | D        | Reached skill level 15 in Fighting
   931 | D        | Reached XP level 9. HP: 40/97 MP: 7/7
   932 | D        | HP: 6/145 [polar bear (2)]
   935 | D        | Killed a polar bear
   935 | D        | Reached ***** piety under Trog
   937 | D        | Mangled by a yaktaur

Illustrated notes

Levels and vault maps discovered:
D:        the_violet_keep_of_menkaure [sprint2_stairs_cluster_1,
          sprint2_shoproom, sprint2_temple, sprint2_basic_supplies,
          sprint2_obstacle_4, sprint2_obstacle_6, sprint2_obstacle_3,
          sprint2_obstacle_1, sprint2_obstacle_7, sprint2_timed_cluster_1,
          sprint2_smallroom_cluster_1, sprint2_smallroom_final_cluster_1,
          sprint2_transparent_cluster_1, sprint2_second_timed_cluster_1,
          sprint2_sniper_area_1, sprint2_heavy_combat_area_1,
          sprint2_mutation_trap_area_1, sprint2_forest_area_1,
          sprint2_light_combat_area_1, sprint2_behind_water_1,
          sprint2_near_end_vault_1]

Skill      XL: |  1  2  3  4  5  6  7  8 |
---------------+-------------------------+-----
Fighting       | 8 10 11 13 15 | 15.5
Axes           | 8 10 12 13 15 | 15.9
Armour         | 4 5 6 7 |  7.8
Dodging        | 4 5 6 8 |  8.7
Stealth        | 1 |  1.8

Action                   |  1- 3 |  4- 6 |  7- 9 || total
-------------------------+-------+-------+-------++-------
Melee: Hand axe          |     4 |     8 |    57 ||    69
       Headbutt          |       |     3 |    13 ||    16
       Punch             |       |       |     2 ||     2
Invok: Berserk           |     1 |     1 |     2 ||     4
  Use: Potion            |       |       |     1 ||     1
Armor: Animal skin       |       |     1 |     1 ||     2
       Leather armour    |       |       |     7 ||     7
Dodge: Dodged            |     1 |     5 |    17 ||    23
